WCHLSIM.com - West Coast Hockey League
html PUBLIC "-//W3C//DTD XHTML 1.0 Transitional//EN" "http://www.w3.org/TR/xhtml1/DTD/xhtml1-transitional.dtd"> WCHL - Game 105 - PORTLAND PIRATES vs KELOWNA ROCKETS

PORTLAND PIRATES vs KELOWNA ROCKETS

Created - 27 octobre 2022 at 23:30

Goals
1 2 3 T
PORTLAND PIRATES 1 1 0 2
KELOWNA ROCKETS 0 0 0 0
Shots
1 2 3 T
PORTLAND PIRATES 8 8 5 21
KELOWNA ROCKETS 3 10 6 19

1st period

1. PORTLAND PIRATES , Jonathan Toews 1 (Ben Hutton 1) at 14:31

Penalties :
Mark Giordano (KEL) for High sticking (Minor) at 5:52, Gabriel Landeskog (POR) for Hooking (Minor) at 10:32, Mark Giordano (KEL) for Interference (Minor) at 12:55, Gabriel Landeskog (POR) for High sticking (Minor) at 13:22, Anthony DeAngelo (KEL) for Roughing (Minor) at 17:31, Adam Fox (KEL) for Tripping (Minor) at 18:38

2nd period

2. PORTLAND PIRATES , Rickard Rakell 3 (Chandler Stephenson 4, Travis Konecny 2) at 3:16 (PP)

Penalties :
Derek Ryan (KEL) for High sticking (Minor) at 1:56, Anthony Cirelli (KEL) for High sticking (Minor) at 10:55, Dmitri Orlov (KEL) for Hooking (Minor) at 17:13

3rd period

No Goal

Penalties :
Valeri Nichushkin (KEL) for Hooking (Minor) at 1:52, Mark Borowiecki (POR) for Cross-checking (Minor) at 7:03

Goalie Stats

Cameron Talbot (POR), 19 saves from 19 shots - (1,000), W, 3-1-2, 60:00 minutes
Sergei Bobrovsky (KEL), 19 saves from 21 shots - (0,905), L, 3-3-0, 60:00 minutes

Players Stats for PORTLAND PIRATES

Player Name              G  A  P  +/- PIM S  H  SB GA TA FO     MP     PP MP  PK MP  
------------------------------------------------------------------------------------
Ben Hutton               0  1  1   1  0   0  0  0  0  0  0/0    15:21   0:00   1:55 
Brett Pesce              0  0  0   1  0   0  2  0  0  0  0/0    21:43   5:44   2:28 
Brian Dumoulin           0  0  0   0  0   1  0  2  0  0  0/0    18:24   0:00   1:57 
Chandler Stephenson      0  1  1   0  0   3  0  0  0  0  4/7    18:42   5:13   0:47 
Gabriel Landeskog        0  0  0   0  4   2  1  0  0  0  1/3    19:29   7:35   0:00 
Jonathan Toews           1  0  1   1  0   2  1  0  0  0  4/9    19:16   7:45   1:45 
Mark Borowiecki          0  0  0   0  2   0  1  2  0  0  0/0    14:04   0:00   1:24 
Michael Amadio           0  0  0   0  0   2  0  0  0  0  0/0     9:37   0:23   1:45 
Mika Zibanejad           0  0  0   0  0   3  0  0  0  0  12/18  18:57   6:15   0:00 
Pavel Zacha              0  0  0   0  0   0  0  0  0  0  1/4    11:55   0:00   1:53 
Rickard Rakell           1  0  1   1  0   3  0  0  0  0  1/1    16:04   6:02   0:16 
Robert Thomas            0  0  0   0  0   3  0  0  0  0  7/9    19:31   7:36   0:00 
Ryan Donato              0  0  0   0  0   0  0  0  0  0  2/6     7:29   0:00   0:00 
Thomas Chabot            0  0  0   0  0   1  0  3  0  0  0/0    21:15   7:05   0:16 
Travis Hamonic           0  0  0   0  0   0  2  1  0  0  0/0    16:23   0:00   0:50 
Travis Konecny           0  1  1   0  0   0  1  0  0  0  1/2    17:55   5:13   0:00 
William Carrier          0  0  0   0  0   0  0  1  0  0  1/2     9:53   0:00   2:24 
Yanni Gourde             0  0  0   0  0   1  0  0  0  0  1/1    18:02   5:13   0:00 

Players Stats for KELOWNA ROCKETS

Player Name              G  A  P  +/- PIM S  H  SB GA TA FO     MP     PP MP  PK MP  
------------------------------------------------------------------------------------
Adam Fox                 0  0  0   0  2   3  2  0  0  0  0/0    23:14   2:47   5:13 
Alexander Ovechkin       0  0  0   0  0   3  1  0  0  0  0/1    17:20   2:47   0:58 
Anthony Cirelli          0  0  0  -1  2   2  1  1  0  0  17/30  21:52   0:00   7:40 
Anthony DeAngelo         0  0  0  -1  2   0  2  0  0  0  0/0    19:13   1:38   2:17 
Auston Matthews          0  0  0   0  0   3  0  0  0  0  5/11   20:47   2:30   3:11 
Cody Eakin               0  0  0   0  0   0  0  0  0  0  1/5     4:46   0:00   0:00 
Derek Ryan               0  0  0   0  2   0  0  0  0  0  1/3    10:28   0:00   1:48 
Dmitri Orlov             0  0  0  -1  2   0  1  0  0  0  0/0    21:24   1:38   5:04 
Duncan Keith             0  0  0   0  0   1  0  1  0  0  0/0    20:29   0:00   6:29 
J.T. Compher             0  0  0   0  0   0  1  0  0  0  3/9    10:46   1:55   0:10 
Jonathan Dahlen          0  0  0   0  0   1  0  0  0  0  0/0     6:13   0:00   1:27 
Jonathon Merrill         0  0  0   0  0   0  1  0  0  0  0/0    14:31   0:00   1:26 
Keegan Kolesar           0  0  0   0  0   0  2  0  0  0  0/0     4:46   0:00   0:00 
Mark Giordano            0  0  0   0  4   0  2  0  0  0  0/0    18:17   0:00   5:08 
Pavel Buchnevich         0  0  0   0  0   3  1  0  0  0  0/1    19:06   1:55   2:05 
Tyler Bertuzzi           0  0  0   0  0   0  4  0  0  0  0/1    11:11   2:30   0:00 
Valeri Nichushkin        0  0  0  -1  2   3  0  0  0  0  0/0    23:34   1:55   7:27 
Vladimir Tarasenko       0  0  0   0  0   0  0  0  0  0  0/1    16:42   2:30   0:00 

3 Stars

1 - Cameron Talbot (POR)
2 - Jonathan Toews (POR)
3 - Rickard Rakell (POR)

Power Play

PORTLAND PIRATES - 1 on 8 Attempt(s) - 12,50%
KELOWNA ROCKETS - 0 on 3 Attempt(s) - 0,00%

Penalty Kill

PORTLAND PIRATES - 3 on 3 Attempt(s) - 100,00% - Score 0 goal in Penalty Kill
KELOWNA ROCKETS - 7 on 8 Attempt(s) - 87,50% - Score 0 goal in Penalty Kill

Team Stat

PORTLAND PIRATES - Hits : 8 - Faceoff Wins : 35 - Blocked Shots : 9 - Penalty Minutes : 6
KELOWNA ROCKETS - Hits : 18 - Faceoff Wins : 27 - Blocked Shots : 2 - Penalty Minutes : 16

Official

Referees : Ben O'Quinn and Pierre Lambert
Linesman : Scott Driscoll and Travis Gawryletz

Game Notes

No Game Note

Finance

Level 1 -- Attendance: 6600 (100,00%) -- Ticket Income 818 400 $
Level 2 -- Attendance: 5600 (100,00%) -- Ticket Income 526 400 $
Level 3 -- Attendance: 2806 (87,69%) -- Ticket Income 179 584 $
Level 4 -- Attendance: 4833 (86,30%) -- Ticket Income 260 982 $
Luxury Box -- Attendance: 1000 (100,00%) -- Ticket Income 259 000 $
Game was played at the Cherepanov Coliseum.
Total Attendance: 20839 (94,72%)
Total Ticket Income: 2 044 366 $
Other Expense: 20 444 $
Total Income: 2 023 922 $

PORTLAND PIRATES

5 vs 5 Forward 
   Center                   Left Wing                Right Wing               Time % Phy DF OF 
 1 Mika Zibanejad           Chandler Stephenson      Travis Konecny           33     0   2  3  
 2 Robert Thomas            Gabriel Landeskog        Yanni Gourde             33     0   2  3  
 3 Jonathan Toews           Pavel Zacha              Rickard Rakell           24     0   2  3  
 4 Ryan Donato              William Carrier          Michael Amadio           10     1   2  2  

5 vs 5 Defense 
   Defense                  Defense                                           Time % Phy DF OF 
 1 Brett Pesce              Thomas Chabot                                     33     0   3  2  
 2 Brian Dumoulin           Travis Hamonic                                    32     0   4  1  
 3 Ben Hutton               Mark Borowiecki                                   25     1   3  1  
 4 Ben Hutton               Mark Borowiecki                                   10     1   3  1  

PowerPlay Forward 
   Center                   Left Wing                Right Wing               Time % Phy DF OF 
 1 Mika Zibanejad           Gabriel Landeskog        Robert Thomas            55     0   1  4  
 2 Chandler Stephenson      Yanni Gourde             Travis Konecny           45     0   1  4  

PowerPlay Defense
   Defense                  Defense                                           Time % Phy DF OF 
 1 Thomas Chabot            Jonathan Toews                                    55     0   2  3  
 2 Brett Pesce              Rickard Rakell                                    45     0   2  3  

Penalty Kill 4 Players Forward 
   Center                   Wing                     Time % Phy DF OF 
 1 Pavel Zacha              William Carrier          55     0   5  0  
 2 Jonathan Toews           Michael Amadio           45     0   5  0  

Penalty Kill 4 Players Defense
   Defense                  Defense                  Time % Phy DF OF 
 1 Brian Dumoulin           Ben Hutton               55     0   5  0  
 2 Brett Pesce              Mark Borowiecki          45     0   5  0  

Penalty Kill - 3 Players Forward 
   Forward                                           Time % Phy DF OF 
 1 Pavel Zacha                                       55     0   5  0  
 2 Michael Amadio                                    45     0   5  0  

Penalty Kill - 3 Players Defense
   Defense                  Defense                  Time % Phy DF OF 
 1 Brian Dumoulin           Ben Hutton               55     0   5  0  
 2 Brett Pesce              Mark Borowiecki          45     0   5  0  

4 vs 4 Forward 
   Center                   Wing                     Time % Phy DF OF 
 1 Pavel Zacha              Yanni Gourde             55     0   2  3  
 2 Jonathan Toews           Rickard Rakell           45     0   2  3  

4 vs 4 Defense
   Defense                  Defense                  Time % Phy DF OF 
 1 Brian Dumoulin           Thomas Chabot            55     0   3  2  
 2 Brett Pesce              Ben Hutton               45     0   3  2  

Last Minutes Offensive
   Center                   Left Wing                Right Wing               Defense                  Defense                  
   Mika Zibanejad           Chandler Stephenson      Robert Thomas            Thomas Chabot            Brett Pesce              

Last Minutes Defensive
   Center                   Left Wing                Right Wing               Defense                  Defense                  
   Pavel Zacha              William Carrier          Michael Amadio           Brian Dumoulin           Ben Hutton               

Goaltenders
Starting : Cameron Talbot           
Backup : Kevin Lankinen           

Extra Forwards
Normal : Ryan Donato, Jonathan Toews, Pavel Zacha - PP : Rickard Rakell, Jonathan Toews - PK : Rickard Rakell
Extra Defensemen
Normal : Ben Hutton, Mark Borowiecki, Brett Pesce - PP : Ben Hutton - PK : Mark Borowiecki, Brett Pesce
Penalty Shots
Gabriel Landeskog, Mika Zibanejad, Robert Thomas, Chandler Stephenson, Rickard Rakell
Custom OT Lines Forwards
Gabriel Landeskog, Mika Zibanejad, Chandler Stephenson, Robert Thomas, Yanni Gourde, Rickard Rakell, Jonathan Toews, Pavel Zacha, Travis Konecny, William Carrier
Custom OT Lines Defensemen
Thomas Chabot, Brett Pesce, Brian Dumoulin, Travis Hamonic, Ben Hutton

Scratches
None

KELOWNA ROCKETS

5 vs 5 Forward 
   Center                   Left Wing                Right Wing               Time % Phy DF OF 
 1 Auston Matthews          Pavel Buchnevich         Vladimir Tarasenko       37     0   1  4  
 2 Anthony Cirelli          Alexander Ovechkin       Valeri Nichushkin        36     0   1  4  
 3 J.T. Compher             Tyler Bertuzzi           Derek Ryan               27     1   2  2  
 4 Cody Eakin               Jonathan Dahlen          Keegan Kolesar           0      1   3  1  

5 vs 5 Defense 
   Defense                  Defense                                           Time % Phy DF OF 
 1 Dmitri Orlov             Adam Fox                                          37     0   2  3  
 2 Duncan Keith             Anthony DeAngelo                                  35     0   2  3  
 3 Jonathon Merrill         Mark Giordano                                     28     0   3  2  
 4 Adam Fox                 Anthony DeAngelo                                  0      0   1  4  

PowerPlay Forward 
   Center                   Left Wing                Right Wing               Time % Phy DF OF 
 1 Auston Matthews          Tyler Bertuzzi           Vladimir Tarasenko       65     0   0  5  
 2 J.T. Compher             Pavel Buchnevich         Valeri Nichushkin        35     0   1  4  

PowerPlay Defense
   Defense                  Defense                                           Time % Phy DF OF 
 1 Adam Fox                 Alexander Ovechkin                                60     0   0  5  
 2 Dmitri Orlov             Anthony DeAngelo                                  40     0   1  4  

Penalty Kill 4 Players Forward 
   Center                   Wing                     Time % Phy DF OF 
 1 Anthony Cirelli          Valeri Nichushkin        65     0   4  1  
 2 Derek Ryan               Pavel Buchnevich         35     0   4  1  

Penalty Kill 4 Players Defense
   Defense                  Defense                  Time % Phy DF OF 
 1 Adam Fox                 Duncan Keith             55     0   4  1  
 2 Dmitri Orlov             Mark Giordano            45     0   4  1  

Penalty Kill - 3 Players Forward 
   Forward                                           Time % Phy DF OF 
 1 Anthony Cirelli                                   60     0   5  0  
 2 Valeri Nichushkin                                 40     0   5  0  

Penalty Kill - 3 Players Defense
   Defense                  Defense                  Time % Phy DF OF 
 1 Duncan Keith             Adam Fox                 55     0   5  0  
 2 Dmitri Orlov             Mark Giordano            45     0   5  0  

4 vs 4 Forward 
   Center                   Wing                     Time % Phy DF OF 
 1 Auston Matthews          Pavel Buchnevich         55     0   2  3  
 2 Anthony Cirelli          Valeri Nichushkin        45     0   2  3  

4 vs 4 Defense
   Defense                  Defense                  Time % Phy DF OF 
 1 Adam Fox                 Duncan Keith             55     0   2  3  
 2 Anthony DeAngelo         Dmitri Orlov             45     0   2  3  

Last Minutes Offensive
   Center                   Left Wing                Right Wing               Defense                  Defense                  
   Auston Matthews          Alexander Ovechkin       Vladimir Tarasenko       Adam Fox                 Anthony DeAngelo         

Last Minutes Defensive
   Center                   Left Wing                Right Wing               Defense                  Defense                  
   Auston Matthews          Pavel Buchnevich         Valeri Nichushkin        Duncan Keith             Adam Fox                 

Goaltenders
Starting : Sergei Bobrovsky         
Backup : Craig Anderson           

Extra Forwards
Normal : Alexander Ovechkin, Auston Matthews, Vladimir Tarasenko - PP : Anthony Cirelli, Jonathan Dahlen - PK : Auston Matthews
Extra Defensemen
Normal : Anthony DeAngelo, Jonathon Merrill, Mark Giordano - PP : Duncan Keith - PK : Anthony DeAngelo, Jonathon Merrill
Penalty Shots
Alexander Ovechkin, Vladimir Tarasenko, Auston Matthews, Pavel Buchnevich, Tyler Bertuzzi
Custom OT Lines Forwards
Auston Matthews, Alexander Ovechkin, Anthony Cirelli, Pavel Buchnevich, Valeri Nichushkin, Vladimir Tarasenko, J.T. Compher, Tyler Bertuzzi, Derek Ryan, Jonathan Dahlen
Custom OT Lines Defensemen
Adam Fox, Duncan Keith, Anthony DeAngelo, Dmitri Orlov, Mark Giordano

Scratches
None


% Time on Ice - PORTLAND PIRATES

Lines # - Real PCT - Wanted PCT - Time Play
Normal Forward
1 - 31% - 33% - 12:42
2 - 29% - 33% - 11:55
3 - 22% - 24% - 9:08
4 - 18% - 10% - 7:29
Normal Defense
1 - 32% - 33% - 13:00
2 - 38% - 32% - 15:33
3 - 24% - 25% - 10:02
4 - 6% - 10% - 2:39
PP Forward
1 - 59% - 55% - 7:36
2 - 41% - 45% - 5:13
PP Defense
1 - 55% - 55% - 7:05
2 - 45% - 45% - 5:44
PK Forward
1 - 60% - 55% - 2:40
2 - 40% - 45% - 1:45
PK Defense
1 - 43% - 55% - 1:55
2 - 57% - 45% - 2:30
PK3 Forward
1 - 0% - 55%
2 - 0% - 45%
PK3 Defense
1 - 0% - 55%
2 - 0% - 45%
44 Forward
1 - 59% - 55% - 0:54
2 - 41% - 45% - 0:38
44 Defense
1 - 59% - 55% - 0:54
2 - 41% - 45% - 0:38
Last Minute Offensive  - 0:00
Last Minute Defensive  - 0:00
Total
Forward - 60:00
Defense - 60:00

% Time on Ice - KELOWNA ROCKETS

Lines # - Real PCT - Wanted PCT - Time Play
Normal Forward
1 - 34% - 37% - 14:12
2 - 33% - 36% - 13:35
3 - 21% - 27% - 8:41
4 - 12% - 0% - 4:46
Normal Defense
1 - 34% - 37% - 14:05
2 - 30% - 35% - 12:21
3 - 34% - 28% - 13:50
4 - 2% - 0% - 0:58
PP Forward
1 - 57% - 65% - 2:30
2 - 43% - 35% - 1:55
PP Defense
1 - 63% - 60% - 2:47
2 - 37% - 40% - 1:38
PK Forward
1 - 83% - 65% - 9:52
2 - 17% - 35% - 2:05
PK Defense
1 - 49% - 55% - 5:51
2 - 51% - 45% - 6:06
PK3 Forward
1 - 100% - 60% - 0:52
2 - 0% - 40% - 0:00
PK3 Defense
1 - 35% - 55% - 0:18
2 - 65% - 45% - 0:34
44 Forward
1 - 59% - 55% - 0:54
2 - 41% - 45% - 0:38
44 Defense
1 - 59% - 55% - 0:54
2 - 41% - 45% - 0:38
Last Minute Offensive  - 0:00
Last Minute Defensive  - 0:00
Total
Forward - 60:00
Defense - 60:00

Play-by-Play

1st period


0:01 of 1st period - Mika Zibanejad wins face-off versus Vladimir Tarasenko in neutral zone.
0:12 of 1st period - Shot by Auston Matthews.
0:12 of 1st period - Shot Blocked by Thomas Chabot.
0:16 of 1st period - Shot by Vladimir Tarasenko.
0:16 of 1st period - Shot Misses the Net.
0:33 of 1st period - Icing by Thomas Chabot.
0:34 of 1st period - Chandler Stephenson wins face-off versus Anthony Cirelli in PORTLAND PIRATES zone.
0:54 of 1st period - Shot by Mika Zibanejad.
0:54 of 1st period - Stopped by Sergei Bobrovsky with a rebound.
0:56 of 1st period - Shot by Thomas Chabot.
0:56 of 1st period - Shot Blocked by Duncan Keith.
1:30 of 1st period - Shot by Yanni Gourde.
1:30 of 1st period - Shot Misses the Net.
1:46 of 1st period - Travis Hamonic is hit by Anthony Cirelli and loses puck.
2:21 of 1st period - J.T. Compher is hit by Travis Hamonic and loses puck.
3:09 of 1st period - Shot by Vladimir Tarasenko.
3:09 of 1st period - Shot Misses the Net.
3:11 of 1st period - Shot by Auston Matthews.
3:11 of 1st period - Shot Misses the Net.
3:13 of 1st period - Shot by Adam Fox.
3:13 of 1st period - Stopped by Cameron Talbot without a rebound.
3:14 of 1st period - Ryan Donato wins face-off versus Cody Eakin in PORTLAND PIRATES zone.
3:14 of 1st period - Ryan Donato is hit by Keegan Kolesar.
3:25 of 1st period - Michael Amadio is hit by Adam Fox and loses puck.
4:17 of 1st period - Icing by Duncan Keith.
4:18 of 1st period - Auston Matthews wins face-off versus Jonathan Toews in KELOWNA ROCKETS zone.
4:25 of 1st period - Shot by Pavel Buchnevich.
4:25 of 1st period - Shot Misses the Net.
4:42 of 1st period - Shot by Pavel Zacha.
4:42 of 1st period - Shot Misses the Net.
4:54 of 1st period - Shot by Rickard Rakell.
4:54 of 1st period - Shot Misses the Net.
4:56 of 1st period - Shot by Pavel Zacha.
4:56 of 1st period - Shot Hit the Post.
5:27 of 1st period - Icing by Mark Giordano.
5:28 of 1st period - Robert Thomas wins face-off versus Anthony Cirelli in KELOWNA ROCKETS zone.
5:28 of 1st period - Robert Thomas is hit by Mark Giordano.
5:51 of 1st period - Robert Thomas is hit by Mark Giordano and loses puck.
5:52 of 1st period - Minor Penalty to Mark Giordano for High sticking.
5:53 of 1st period - Anthony Cirelli wins face-off versus Chandler Stephenson in KELOWNA ROCKETS zone.
6:16 of 1st period - Shot by Thomas Chabot.
6:16 of 1st period - Stopped by Sergei Bobrovsky without a rebound.
6:17 of 1st period - Anthony Cirelli wins face-off versus Mika Zibanejad in KELOWNA ROCKETS zone.
6:37 of 1st period - Icing by Mika Zibanejad.
6:38 of 1st period - Anthony Cirelli wins face-off versus Mika Zibanejad in PORTLAND PIRATES zone.
7:17 of 1st period - Shot by Robert Thomas.
7:17 of 1st period - Shot Misses the Net.
8:19 of 1st period - Icing by Mark Giordano.
8:20 of 1st period - Jonathan Toews wins face-off versus J.T. Compher in KELOWNA ROCKETS zone.
8:29 of 1st period - Shot by Tyler Bertuzzi.
8:29 of 1st period - Shot Misses the Net.
8:31 of 1st period - Shot by Derek Ryan.
8:31 of 1st period - Shot Misses the Net.
8:51 of 1st period - Shot by Vladimir Tarasenko.
8:51 of 1st period - Shot Misses the Net.
8:53 of 1st period - Shot by Auston Matthews.
8:53 of 1st period - Shot Misses the Net.
8:55 of 1st period - Shot by Auston Matthews.
8:55 of 1st period - Shot Blocked by Travis Hamonic.
8:57 of 1st period - Shot by Pavel Buchnevich.
8:57 of 1st period - Shot Misses the Net.
10:18 of 1st period - Shot by Alexander Ovechkin.
10:18 of 1st period - Stopped by Cameron Talbot without a rebound.
10:19 of 1st period - Robert Thomas wins face-off versus Cody Eakin in PORTLAND PIRATES zone.
10:19 of 1st period - Robert Thomas is hit by Keegan Kolesar.
10:32 of 1st period - Minor Penalty to Gabriel Landeskog for Hooking.
10:33 of 1st period - William Carrier wins face-off versus Auston Matthews in PORTLAND PIRATES zone.
10:33 of 1st period - William Carrier is hit by Tyler Bertuzzi.
11:39 of 1st period - Michael Amadio is hit by Pavel Buchnevich and loses puck.
12:48 of 1st period - Shot by Jonathan Dahlen.
12:48 of 1st period - Stopped by Cameron Talbot without a rebound.
12:49 of 1st period - Robert Thomas wins face-off versus Cody Eakin in PORTLAND PIRATES zone.
12:53 of 1st period - Robert Thomas is hit by Jonathon Merrill and loses puck.
12:55 of 1st period - Minor Penalty to Mark Giordano for Interference.
12:56 of 1st period - Anthony Cirelli wins face-off versus Gabriel Landeskog in KELOWNA ROCKETS zone.
13:22 of 1st period - Minor Penalty to Gabriel Landeskog for High sticking.
13:23 of 1st period - Pavel Zacha wins face-off versus Auston Matthews in PORTLAND PIRATES zone.
13:51 of 1st period - Shot by Yanni Gourde.
13:51 of 1st period - Shot Misses the Net.
13:53 of 1st period - Shot by Brian Dumoulin.
13:53 of 1st period - Stopped by Sergei Bobrovsky without a rebound.
13:54 of 1st period - Anthony Cirelli wins face-off versus Jonathan Toews in KELOWNA ROCKETS zone.
14:31 of 1st period - Shot by Jonathan Toews.
14:31 of 1st period - Goal by Jonathan Toews - PORTLAND PIRATES : 1 - KELOWNA ROCKETS : 0.
14:32 of 1st period - Auston Matthews wins face-off versus Pavel Zacha in neutral zone.
15:20 of 1st period - Off-side.
15:21 of 1st period - J.T. Compher wins face-off versus William Carrier in neutral zone.
15:37 of 1st period - Icing by Chandler Stephenson.
15:38 of 1st period - Anthony Cirelli wins face-off versus Mika Zibanejad in PORTLAND PIRATES zone.
16:23 of 1st period - Shot by Gabriel Landeskog.
16:23 of 1st period - Shot Misses the Net.
16:55 of 1st period - Pavel Buchnevich is hit by Mark Borowiecki and loses puck.
17:12 of 1st period - Adam Fox is hit by Jonathan Toews and loses puck.
17:19 of 1st period - Shot by Rickard Rakell.
17:19 of 1st period - Stopped by Sergei Bobrovsky without a rebound.
17:20 of 1st period - J.T. Compher wins face-off versus Ryan Donato in KELOWNA ROCKETS zone.
17:22 of 1st period - Icing by Tyler Bertuzzi.
17:23 of 1st period - Mika Zibanejad wins face-off versus J.T. Compher in KELOWNA ROCKETS zone.
17:31 of 1st period - Minor Penalty to Anthony DeAngelo for Roughing.
17:32 of 1st period - Chandler Stephenson wins face-off versus Anthony Cirelli in KELOWNA ROCKETS zone.
17:59 of 1st period - Shot by Jonathan Toews.
17:59 of 1st period - Stopped by Sergei Bobrovsky without a rebound.
18:00 of 1st period - Mika Zibanejad wins face-off versus Anthony Cirelli in KELOWNA ROCKETS zone.
18:05 of 1st period - Shot by Rickard Rakell.
18:05 of 1st period - Stopped by Sergei Bobrovsky without a rebound.
18:06 of 1st period - Mika Zibanejad wins face-off versus Anthony Cirelli in KELOWNA ROCKETS zone.
18:38 of 1st period - Minor Penalty to Adam Fox for Tripping.
18:39 of 1st period - Chandler Stephenson wins face-off versus Anthony Cirelli in KELOWNA ROCKETS zone.
19:15 of 1st period - Shot by Jonathan Toews.
19:15 of 1st period - Shot Misses the Net.
19:17 of 1st period - Shot by Chandler Stephenson.
19:17 of 1st period - Stopped by Sergei Bobrovsky without a rebound.
19:18 of 1st period - Mika Zibanejad wins face-off versus Anthony Cirelli in KELOWNA ROCKETS zone.
Goals for this period are 1 for PORTLAND PIRATES vs 0 for KELOWNA ROCKETS.
Shots for this period are 8 for PORTLAND PIRATES vs 3 for KELOWNA ROCKETS.

2nd period


0:01 of 2nd period - Anthony Cirelli wins face-off versus Mika Zibanejad in neutral zone.
1:19 of 2nd period - Shot by Auston Matthews.
1:19 of 2nd period - Shot Misses the Net.
1:55 of 2nd period - Ryan Donato is hit by Tyler Bertuzzi and loses puck.
1:56 of 2nd period - Minor Penalty to Derek Ryan for High sticking.
1:57 of 2nd period - Anthony Cirelli wins face-off versus Mika Zibanejad in KELOWNA ROCKETS zone.
1:57 of 2nd period - Anthony Cirelli is hit by Gabriel Landeskog.
2:36 of 2nd period - Icing by Mika Zibanejad.
2:37 of 2nd period - Mika Zibanejad wins face-off versus Anthony Cirelli in PORTLAND PIRATES zone.
2:54 of 2nd period - Shot by Mika Zibanejad.
2:54 of 2nd period - Stopped by Sergei Bobrovsky without a rebound.
2:55 of 2nd period - Anthony Cirelli wins face-off versus Chandler Stephenson in KELOWNA ROCKETS zone.
3:16 of 2nd period - Shot by Rickard Rakell.
3:16 of 2nd period - Goal by Rickard Rakell - PORTLAND PIRATES : 2 - KELOWNA ROCKETS : 0.
3:17 of 2nd period - Auston Matthews wins face-off versus Jonathan Toews in neutral zone.
3:36 of 2nd period - Shot by Pavel Buchnevich.
3:36 of 2nd period - Shot Misses the Net.
4:08 of 2nd period - Shot by Mika Zibanejad.
4:08 of 2nd period - Stopped by Sergei Bobrovsky with a rebound.
4:23 of 2nd period - Mark Giordano is hit by Brett Pesce and loses puck.
5:07 of 2nd period - Icing by Gabriel Landeskog.
5:08 of 2nd period - Robert Thomas wins face-off versus Derek Ryan in PORTLAND PIRATES zone.
5:08 of 2nd period - Robert Thomas is hit by J.T. Compher.
5:27 of 2nd period - Icing by Mark Borowiecki.
5:28 of 2nd period - Cody Eakin wins face-off versus Robert Thomas in PORTLAND PIRATES zone.
6:21 of 2nd period - Shot by Anthony Cirelli.
6:21 of 2nd period - Shot Misses the Net.
6:33 of 2nd period - Shot by Valeri Nichushkin.
6:33 of 2nd period - Stopped by Cameron Talbot without a rebound.
6:34 of 2nd period - Mika Zibanejad wins face-off versus J.T. Compher in PORTLAND PIRATES zone.
6:54 of 2nd period - Shot by Chandler Stephenson.
6:54 of 2nd period - Stopped by Sergei Bobrovsky without a rebound.
6:55 of 2nd period - Jonathan Toews wins face-off versus Anthony Cirelli in KELOWNA ROCKETS zone.
7:18 of 2nd period - Shot by Anthony Cirelli.
7:18 of 2nd period - Stopped by Cameron Talbot without a rebound.
7:19 of 2nd period - Travis Konecny wins face-off versus Auston Matthews in PORTLAND PIRATES zone.
7:28 of 2nd period - Shot by Auston Matthews.
7:28 of 2nd period - Shot Misses the Net.
7:30 of 2nd period - Shot by Pavel Buchnevich.
7:30 of 2nd period - Stopped by Cameron Talbot without a rebound.
7:31 of 2nd period - Jonathan Toews wins face-off versus Alexander Ovechkin in PORTLAND PIRATES zone.
8:08 of 2nd period - Shot by Rickard Rakell.
8:08 of 2nd period - Shot Misses the Net.
8:25 of 2nd period - Icing by Anthony DeAngelo.
8:26 of 2nd period - Anthony Cirelli wins face-off versus Travis Konecny in KELOWNA ROCKETS zone.
8:51 of 2nd period - Shot by Pavel Buchnevich.
8:51 of 2nd period - Shot Misses the Net.
8:53 of 2nd period - Shot by Auston Matthews.
8:53 of 2nd period - Shot Misses the Net.
8:55 of 2nd period - Shot by Adam Fox.
8:55 of 2nd period - Stopped by Cameron Talbot with a rebound.
9:05 of 2nd period - Shot by Auston Matthews.
9:05 of 2nd period - Stopped by Cameron Talbot without a rebound.
9:06 of 2nd period - Yanni Gourde wins face-off versus J.T. Compher in PORTLAND PIRATES zone.
9:06 of 2nd period - Yanni Gourde is hit by Tyler Bertuzzi.
10:06 of 2nd period - Travis Konecny is hit by Tyler Bertuzzi and loses puck.
10:19 of 2nd period - Shot by Pavel Buchnevich.
10:19 of 2nd period - Shot Misses the Net.
10:28 of 2nd period - Shot by Vladimir Tarasenko.
10:28 of 2nd period - Shot Blocked by Thomas Chabot.
10:30 of 2nd period - Shot by Pavel Buchnevich.
10:30 of 2nd period - Shot Misses the Net.
10:34 of 2nd period - Shot by Auston Matthews.
10:34 of 2nd period - Shot Misses the Net.
10:38 of 2nd period - Shot by Pavel Buchnevich.
10:38 of 2nd period - Stopped by Cameron Talbot without a rebound.
10:39 of 2nd period - Anthony Cirelli wins face-off versus Jonathan Toews in PORTLAND PIRATES zone.
10:55 of 2nd period - Minor Penalty to Anthony Cirelli for High sticking.
10:56 of 2nd period - Mika Zibanejad wins face-off versus Auston Matthews in KELOWNA ROCKETS zone.
13:00 of 2nd period - Shot by Michael Amadio.
13:00 of 2nd period - Stopped by Sergei Bobrovsky without a rebound.
13:01 of 2nd period - Ryan Donato wins face-off versus Cody Eakin in KELOWNA ROCKETS zone.
13:03 of 2nd period - Michael Amadio is hit by Anthony DeAngelo and loses puck.
13:24 of 2nd period - Shot by Keegan Kolesar.
13:24 of 2nd period - Shot Blocked by William Carrier.
13:26 of 2nd period - Shot by Anthony DeAngelo.
13:26 of 2nd period - Shot Misses the Net.
13:59 of 2nd period - Shot by Vladimir Tarasenko.
13:59 of 2nd period - Shot Misses the Net.
14:15 of 2nd period - Shot by Auston Matthews.
14:15 of 2nd period - Shot Blocked by Brian Dumoulin.
14:17 of 2nd period - Shot by Auston Matthews.
14:17 of 2nd period - Shot Misses the Net.
14:51 of 2nd period - Shot by Alexander Ovechkin.
14:51 of 2nd period - Shot Misses the Net.
14:53 of 2nd period - Shot by Anthony Cirelli.
14:53 of 2nd period - Stopped by Cameron Talbot without a rebound.
14:54 of 2nd period - Mika Zibanejad wins face-off versus J.T. Compher in PORTLAND PIRATES zone.
16:58 of 2nd period - Shot by Gabriel Landeskog.
16:58 of 2nd period - Stopped by Sergei Bobrovsky with a rebound.
17:01 of 2nd period - Yanni Gourde is hit by Adam Fox and loses puck.
17:13 of 2nd period - Minor Penalty to Dmitri Orlov for Hooking.
17:14 of 2nd period - Rickard Rakell wins face-off versus Anthony Cirelli in KELOWNA ROCKETS zone.
17:31 of 2nd period - Shot by Robert Thomas.
17:31 of 2nd period - Stopped by Sergei Bobrovsky without a rebound.
17:32 of 2nd period - Anthony Cirelli wins face-off versus Gabriel Landeskog in KELOWNA ROCKETS zone.
18:23 of 2nd period - Valeri Nichushkin is hit by Travis Konecny and loses puck.
18:47 of 2nd period - Icing by Jonathan Toews.
18:48 of 2nd period - Chandler Stephenson wins face-off versus Derek Ryan in PORTLAND PIRATES zone.
18:50 of 2nd period - Icing by Travis Konecny.
18:51 of 2nd period - Derek Ryan wins face-off versus Chandler Stephenson in PORTLAND PIRATES zone.
19:02 of 2nd period - Shot by Pavel Buchnevich.
19:02 of 2nd period - Stopped by Cameron Talbot with a rebound.
19:04 of 2nd period - Shot by Pavel Buchnevich.
19:04 of 2nd period - Shot Misses the Net.
19:06 of 2nd period - Shot by Duncan Keith.
19:06 of 2nd period - Shot Blocked by Thomas Chabot.
19:22 of 2nd period - Shot by Michael Amadio.
19:22 of 2nd period - Stopped by Sergei Bobrovsky without a rebound.
19:23 of 2nd period - Auston Matthews wins face-off versus Ryan Donato in KELOWNA ROCKETS zone.
19:31 of 2nd period - Adam Fox is hit by Travis Hamonic and loses puck.
19:37 of 2nd period - Icing by Ryan Donato.
19:38 of 2nd period - Anthony Cirelli wins face-off versus Ryan Donato in PORTLAND PIRATES zone.
19:39 of 2nd period - Shot by Valeri Nichushkin.
19:39 of 2nd period - Stopped by Cameron Talbot with a rebound.
19:41 of 2nd period - Shot by Valeri Nichushkin.
19:41 of 2nd period - Stopped by Cameron Talbot without a rebound.
19:42 of 2nd period - Robert Thomas wins face-off versus Anthony Cirelli in PORTLAND PIRATES zone.
19:44 of 2nd period - Icing by Gabriel Landeskog.
19:45 of 2nd period - Robert Thomas wins face-off versus Anthony Cirelli in PORTLAND PIRATES zone.
19:50 of 2nd period - Shot by Robert Thomas.
19:50 of 2nd period - Shot Misses the Net.
Goals for this period are 1 for PORTLAND PIRATES vs 0 for KELOWNA ROCKETS.
Shots for this period are 8 for PORTLAND PIRATES vs 10 for KELOWNA ROCKETS.

3rd period


0:01 of 3rd period - Anthony Cirelli wins face-off versus Robert Thomas in neutral zone.
0:17 of 3rd period - Alexander Ovechkin is hit by Brett Pesce and loses puck.
0:26 of 3rd period - Shot by Gabriel Landeskog.
0:26 of 3rd period - Shot Blocked by Anthony Cirelli.
0:28 of 3rd period - Shot by Robert Thomas.
0:28 of 3rd period - Stopped by Sergei Bobrovsky with a rebound.
0:30 of 3rd period - Shot by Gabriel Landeskog.
0:30 of 3rd period - Stopped by Sergei Bobrovsky without a rebound.
0:31 of 3rd period - Mika Zibanejad wins face-off versus Auston Matthews in KELOWNA ROCKETS zone.
1:47 of 3rd period - Shot by Yanni Gourde.
1:47 of 3rd period - Stopped by Sergei Bobrovsky with a rebound.
1:52 of 3rd period - Minor Penalty to Valeri Nichushkin for Hooking.
1:53 of 3rd period - Gabriel Landeskog wins face-off versus Anthony Cirelli in KELOWNA ROCKETS zone.
5:24 of 3rd period - Icing by Brian Dumoulin.
5:25 of 3rd period - Anthony Cirelli wins face-off versus Jonathan Toews in PORTLAND PIRATES zone.
5:42 of 3rd period - Shot by Alexander Ovechkin.
5:42 of 3rd period - Shot Misses the Net.
6:38 of 3rd period - Shot by Vladimir Tarasenko.
6:38 of 3rd period - Shot Hit the Post.
7:03 of 3rd period - Minor Penalty to Mark Borowiecki for Cross-checking.
7:04 of 3rd period - Auston Matthews wins face-off versus Pavel Zacha in PORTLAND PIRATES zone.
7:17 of 3rd period - Shot by Adam Fox.
7:17 of 3rd period - Stopped by Cameron Talbot without a rebound.
7:18 of 3rd period - J.T. Compher wins face-off versus Pavel Zacha in PORTLAND PIRATES zone.
7:47 of 3rd period - Shot by Adam Fox.
7:47 of 3rd period - Shot Misses the Net.
9:14 of 3rd period - Shot by Robert Thomas.
9:14 of 3rd period - Shot Misses the Net.
10:04 of 3rd period - Shot by Tyler Bertuzzi.
10:04 of 3rd period - Deflect By J.T. Compher.
10:04 of 3rd period - Shot Misses the Net.
10:10 of 3rd period - Shot by J.T. Compher.
10:10 of 3rd period - Shot Misses the Net.
10:12 of 3rd period - Shot by Duncan Keith.
10:12 of 3rd period - Stopped by Cameron Talbot without a rebound.
10:13 of 3rd period - Anthony Cirelli wins face-off versus Ryan Donato in PORTLAND PIRATES zone.
10:24 of 3rd period - Shot by Anthony Cirelli.
10:24 of 3rd period - Shot Misses the Net.
10:30 of 3rd period - Shot by Alexander Ovechkin.
10:30 of 3rd period - Deflect By Anthony Cirelli.
10:30 of 3rd period - Shot Misses the Net.
12:20 of 3rd period - Robert Thomas is hit by Anthony DeAngelo and loses puck.
12:23 of 3rd period - Shot by Gabriel Landeskog.
12:23 of 3rd period - Shot Hit the Post.
12:27 of 3rd period - Shot by Robert Thomas.
12:27 of 3rd period - Stopped by Sergei Bobrovsky without a rebound.
12:28 of 3rd period - Jonathan Toews wins face-off versus Tyler Bertuzzi in KELOWNA ROCKETS zone.
13:40 of 3rd period - Brian Dumoulin is hit by Alexander Ovechkin and loses puck.
13:53 of 3rd period - Shot by Robert Thomas.
13:53 of 3rd period - Shot Misses the Net.
14:21 of 3rd period - Shot by Robert Thomas.
14:21 of 3rd period - Deflect By Gabriel Landeskog.
14:21 of 3rd period - Shot Misses the Net.
14:36 of 3rd period - Icing by Chandler Stephenson.
14:37 of 3rd period - Mika Zibanejad wins face-off versus Auston Matthews in PORTLAND PIRATES zone.
14:46 of 3rd period - Shot by Auston Matthews.
14:46 of 3rd period - Stopped by Cameron Talbot without a rebound.
14:47 of 3rd period - Mika Zibanejad wins face-off versus Pavel Buchnevich in PORTLAND PIRATES zone.
15:08 of 3rd period - Shot by Chandler Stephenson.
15:08 of 3rd period - Stopped by Sergei Bobrovsky with a rebound.
15:48 of 3rd period - Icing by Thomas Chabot.
15:49 of 3rd period - Anthony Cirelli wins face-off versus Mika Zibanejad in PORTLAND PIRATES zone.
15:50 of 3rd period - Shot by Alexander Ovechkin.
15:50 of 3rd period - Stopped by Cameron Talbot with a rebound.
16:04 of 3rd period - Shot by Valeri Nichushkin.
16:04 of 3rd period - Shot Misses the Net.
17:19 of 3rd period - Gabriel Landeskog is hit by Dmitri Orlov.
18:01 of 3rd period - Shot by Auston Matthews.
18:01 of 3rd period - Stopped by Cameron Talbot with a rebound.
18:03 of 3rd period - Shot by Pavel Buchnevich.
18:03 of 3rd period - Deflect By Auston Matthews.
18:03 of 3rd period - Shot Blocked by Mark Borowiecki.
18:05 of 3rd period - Shot by Pavel Buchnevich.
18:05 of 3rd period - Shot Blocked by Mark Borowiecki.
19:13 of 3rd period - Shot by Adam Fox.
19:13 of 3rd period - Shot Blocked by Brian Dumoulin.
19:45 of 3rd period - Shot by Alexander Ovechkin.
19:45 of 3rd period - Stopped by Cameron Talbot without a rebound.
19:46 of 3rd period - Robert Thomas wins face-off versus J.T. Compher in PORTLAND PIRATES zone.
Goals for this period are 0 for PORTLAND PIRATES vs 0 for KELOWNA ROCKETS.
Shots for this period are 5 for PORTLAND PIRATES vs 6 for KELOWNA ROCKETS.


SEBASTIAN
AHO
MARK
SCHEIFELE
JAKE
OETTINGER

EAST COAST

HOCKEY LEAGUE

  • 17.QUE3CHI2
  • 18.CHA2LIM4
  • 19.TRV3LON2
  • 20.CHW1BAL2
  • 21.PITMAN
  • 22.ATLNHW
  • 23.WORPET
  • 24.RHI